 Dungeon Crawl Stone Soup version 0.29.0-4-gdea44cf6ec (webtiles) character file.

Game seed: 14801715025425468538

5371 qw the Severer (level 10, 0/88 HPs)
             Began as a Minotaur Berserker on Sept 4, 2022.
             Was a Priest of Trog.
             Slain by a death yak (18 damage)
             ... on level 8 of the Dungeon.
             The game lasted 00:02:41 (8772 turns).

qw the Severer (Minotaur Berserker)                 Turns: 8772, Time: 00:02:42

Health: 0/88       AC: 13    Str: 30    XL:     10   Next: 39%
Magic:  9/9        EV:  9    Int:  9    God:    Trog [***...]
Gold:   367        SH:  4    Dex:  9    Spells: 9/9 levels left

rFire   . . .      SeeInvis .   Y - +1 war axe
rCold   + + .      Faith    .   p - +0 buckler
rNeg    . . .      Spirit   .   a - +3 chain mail {rC+}
rPois   .          Reflect  .   (helmet restricted)
rElec   .          Harm     .   (no cloak)
rCorr   .          Rampage  .   (no gloves)
Will    +....                   (no boots)
Stlth   ..........              (no amulet)
HPRegen 0.24/turn               h - ring of willpower
MPRegen 0.11/turn               k - +6 ring of intelligence

@: about to teleport, on berserk cooldown, slowed, very slow
A: horns 2, retaliatory headbutt, cold resistance 1, strong 1
a: Renounce Religion, Berserk, Trog's Hand


You were on level 8 of the Dungeon.
You worshipped Trog.
Trog was most pleased with you.
You visited 1 branch of the dungeon, and saw 8 of its levels.

You collected 394 gold pieces.
You spent 27 gold pieces at shops.


Innate Abilities, Weirdness & Mutations

You have a pair of horns on your head.
You reflexively headbutt those who attack you in melee.
Your flesh is cold resistant. (rC+)
Your muscles are strong. (Str +4, Int/Dex -1)


   Skills:
 + Level 8.0 Fighting
 - Level 15.2 Axes
 - Level 1.6 Throwing
 - Level 6.0 Armour
 - Level 2.1 Dodging
 - Level 5.1 Shields


You had 9 spell levels left.
You didn't know any spells.
Your spell library was empty.

Inventory:

Hand Weapons
 f - a +5 flail of protection
 Y - a +1 war axe (weapon)
Missiles
 d - a boomerang (quivered)
Armour
 a - a +3 chain mail of cold resistance (worn)
 e - a +0 plate armour
 p - a +0 buckler (worn)
 w - a +0 chain mail of poison resistance
Jewellery
 h - a ring of willpower (left hand)
 k - a +6 ring of intelligence (right hand)
 m - a ring of positive energy
 s - a ring of ice
Scrolls
 i - 3 scrolls of enchant armour
 v - a scroll of identify
Potions
 b - a potion of resistance
 g - a potion of cancellation {unknown}
 j - a potion of mutation
 l - a potion of haste {unknown}
 o - 5 potions of curing
 q - a potion of degeneration {unknown}

Dungeon Overview and Level Annotations

Branches:
Dungeon (8/15)             Temple (0/1) D:6
   Lair: D:8-11

Altars:
Ashenzari
Fedhas
Gozag
Makhleb
Trog
Vehumet
Xom
Yredelemnul

Shops:
D:1 *   D:4 ((   D:7 *

Annotations:
D:6 3 runed translucent doors, qw's ghost, novice MiFi


Message History

The death yak is almost dead.
You barely miss the yak. You hit the death yak but do no damage.
You hit the death yak. The death yak gores you! The death yak misses you.
You furiously retaliate!
You headbutt the death yak! The yak gores you but does no damage.
You block the death yak's attack.
You slice the death yak!!
You kill the death yak!
Trog accepts your kill.
You hit the yak. You hit the death yak but do no damage. You hit the death yak.
The yak gores you but does no damage. The death yak gores you. x2
Your Axes skill increases to level 15!
You slash the death yak! You headbutt the death yak.
The death yak is heavily wounded.
You hit the yak. x2; You hit the death yak.
You block the yak's attack. You block the death yak's attack.
You block the yak's attack. The death yak closely misses you.
You hit the death yak. Your headbutt misses the death yak.
The death yak is heavily wounded.
You hit the yak. You slash the yak! You hit the death yak but do no damage.
You block the yak's attack. The death yak gores you!
You block the yak's attack. The death yak gores you!!
8770 ||| READING scroll of teleportation.
As you read the scroll of teleportation, it crumbles to dust.
You feel strangely unstable. The yak gores you but does no damage.
The death yak closely misses you. The yak gores you but does no damage.
You block the death yak's attack. You block the yak's attack.
The death yak barely misses you. The death yak gores you.
The yak gores you but does no damage.
8771 ||| DRINKING potion of heal wounds.
You feel much better. The yak gores you but does no damage.
The death yak gores you. The yak closely misses you.
The death yak barely misses you.
You barely miss the yak.
The yak is severely wounded.
You hit the death yak. You slash the death yak! You slash the yak!
You block the yak's attack.
The death yak gores you but does no damage.
The yak gores you but does no damage. The death yak gores you!!
You die...

# .. ... #+# ....##+##
#.# ........## #.#
...$..YY.# #.#
?.....Y@)### #.#
......Y.)..# ###.#######
........##.# #..........
........##.###.#.#######
..!.........##.#.#
.........%#>.....#
######....#.##........
#....#.#########.
+....+.#


You could see 2 death yaks and 2 yaks.

Vanquished Creatures
  3 death yaks (D:8)
  Pikel (D:7)
  Grinder (D:4)
  Sigmund (D:5)
  A wyvern (D:8)
  A steam dragon (D:7)
  Menkaure (D:5)
  Edmund (D:4)
  A water moccasin (D:5)
  2 orc warriors
  A sky beast (D:7)
  An ice beast (D:7)
  An ogre (D:6)
  4 centaurs
  3 lemures (D:7)
  A phantom (D:5)
  3 bullfrogs
  4 scorpions
  A necrophage (D:4)
  4 howler monkeys
  A gnoll bouda (D:4)
  A hound (D:6)
  5 orc priests
  Terence (D:3)
  7 iguanas
  3 orc wizards
  Natasha (D:4)
  Ijyb (D:5)
  5 gnolls (D:4)
  4 adders
  A shadow imp (D:6)
  A white imp (D:8)
  2 ufetubi
  2 worms (D:3)
  5 dart slugs
  33 orcs
  8 ball pythons
  3 endoplasms
  3 giant cockroaches
  8 goblins
  5 hobgoblins
  8 jackals (D:1)
  8 kobolds
  6 quokkas
  3 training dummies (D:4)
  3 bats
  4 frilled lizards
  6 rats
174 creatures vanquished.

Vanquished Creatures (others)
  7 fungi (D:1)
  7 plants
14 creatures vanquished.

Grand Total: 188 creatures vanquished

Notes
Turn   | Place    | Note
-------+----------+-------------------------------------------
     0 | D:1      | qw the Minotaur Berserker began the quest for the Orb.
     0 | D:1      | Reached XP level 1. HP: 19/19 MP: 0/0
     0 | D:1      | 0 ||| qw: Version: 0.1-a-103-gd6f5d3a
     0 | D:1      | 0 ||| qw: Game counter: 5571
     0 | D:1      | 0 ||| qw: Always use a shield: true
     0 | D:1      | 0 ||| qw: Do Orc after D:15 true
     0 | D:1      | 0 ||| qw: Do second Lair branch before Depths: true
     0 | D:1      | 0 ||| qw: Lair rune preference: random
     0 | D:1      | 0 ||| qw: Plans: Normal
     0 | D:1      | 0 ||| PLANNING D:1-11
   195 | D:1      | 195 ||| INVOKING Berserk.
   544 | D:1      | Reached skill level 4 in Axes
   679 | D:1      | Reached XP level 2. HP: 26/26 MP: 1/1
   761 | D:1      | 761 ||| Stepping ~*~*~tactically~*~*~ (stealth).
   763 | D:1      | 763 ||| Stepping ~*~*~tactically~*~*~ (stealth).
   775 | D:1      | 775 ||| INVOKING Berserk.
   776 | D:1      | 776 ||| INVOKING Berserk.
   777 | D:1      | 777 ||| INVOKING Berserk.
   834 | D:1      | 834 ||| Stepping ~*~*~tactically~*~*~ (stealth).
   845 | D:1      | 845 ||| Stepping ~*~*~tactically~*~*~ (stealth).
   862 | D:1      | 862 ||| Stepping ~*~*~tactically~*~*~ (stealth).
   873 | D:1      | Reached skill level 5 in Axes
  1034 | D:1      | Found a faded altar of an unknown god.
  1113 | D:1      | Reached XP level 3. HP: 31/31 MP: 2/2
  1118 | D:1      | Found Jyiso's Assorted Antiques.
  1125 | D:1      | 1125 ||| SHOPLISTING dented amethyst amulet (150 gold, have
                  | 42).
  1125 | D:1      | 1125 ||| BUYING metallic silvery potion (27 gold).
  1125 | D:1      | Bought a metallic silvery potion for 27 gold pieces
  1125 | D:1      | 1125 ||| SHOPLISTING scroll labelled FEAHUMEIMA (30 gold,
                  | have 15).
  1125 | D:1      | 1125 ||| SHOPLISTING scroll labelled MUIDUBLO NEJEO (30
                  | gold, have 15).
  1125 | D:1      | 1125 ||| SHOPLISTING war axe (105 gold, have 15).
  1125 | D:1      | 1125 ||| SHOPLISTING white potion (27 gold, have 15).
  1381 | D:1      | 1381 ||| UPGRADING to +0 ring mail.
  1391 | D:1      | 1391 ||| DROPPING +0 animal skin.
  1392 | D:1      | 1392 ||| READING scroll labelled ZYCODA RAKUFO.
  1393 | D:1      | 1393 ||| READING scroll labelled CAOJEPT LUGG.
  1794 | D:2      | 1794 ||| DROPPING +0 club.
  1948 | D:2      | 1948 ||| Stepping ~*~*~tactically~*~*~ (hiding).
  1950 | D:2      | 1950 ||| Stepping ~*~*~tactically~*~*~ (hiding).
  1953 | D:2      | Reached ** piety under Trog
  2043 | D:2      | 2043 ||| Stepping ~*~*~tactically~*~*~ (stealth).
  2044 | D:2      | 2044 ||| Stepping ~*~*~tactically~*~*~ (stealth).
  2045 | D:2      | 2045 ||| Stepping ~*~*~tactically~*~*~ (stealth).
  2385 | D:2      | 2385 ||| UPGRADING to +0 scale mail.
  2395 | D:2      | 2395 ||| DROPPING +0 ring mail.
  2396 | D:2      | 2396 ||| UPGRADING to ring of positive energy.
  2397 | D:2      | 2397 ||| READING scroll labelled YGE KESHEI.
  2398 | D:2      | 2398 ||| READING scroll labelled XID MATIDDYO.
  2399 | D:2      | 2399 ||| READING scroll labelled HUOFOSS SUREJ.
  2400 | D:2      | 2400 ||| READING scroll labelled LYS XYCEUGOPTU.
  2401 | D:2      | 2401 ||| READING scroll labelled PUIXUL TISTRATU.
  2416 | D:3      | 2416 ||| INVOKING Berserk.
  2418 | D:3      | Noticed Terence
  2420 | D:3      | Killed Terence
  2421 | D:3      | Reached skill level 6 in Axes
  2421 | D:3      | Reached XP level 4. HP: 39/39 MP: 3/3
  2449 | D:3      | 2449 ||| FLEEEEING.
  2458 | D:3      | 2458 ||| STAIRDANCE
  2558 | D:2      | 2558 ||| UPGRADING to +3 chain mail of cold resistance.
  2568 | D:2      | 2568 ||| DROPPING +0 scale mail.
  2586 | D:3      | 2586 ||| Stepping ~*~*~tactically~*~*~ (stealth).
  2587 | D:3      | 2587 ||| Stepping ~*~*~tactically~*~*~ (stealth).
  2601 | D:3      | 2601 ||| Stepping ~*~*~tactically~*~*~ (stealth).
  2603 | D:3      | 2603 ||| Stepping ~*~*~tactically~*~*~ (hiding).
  2610 | D:3      | 2610 ||| INVOKING Berserk.
  2611 | D:3      | 2611 ||| INVOKING Berserk.
  2615 | D:3      | Reached skill level 7 in Axes
  2615 | D:3      | Reached XP level 5. HP: 45/45 MP: 4/4
  2661 | D:3      | 2661 ||| Stepping ~*~*~tactically~*~*~ (stealth).
  2663 | D:3      | 2663 ||| Stepping ~*~*~tactically~*~*~ (stealth).
  2699 | D:3      | 2699 ||| SWAPPING to +0 war axe.
  2700 | D:3      | 2700 ||| DROPPING +1 hand axe.
  2708 | D:3      | 2708 ||| Stepping ~*~*~tactically~*~*~ (stealth).
  2711 | D:3      | 2711 ||| Stepping ~*~*~tactically~*~*~ (stealth).
  3566 | D:3      | 3566 ||| UPGRADING to +6 ring of intelligence.
  3567 | D:3      | 3567 ||| READING scroll labelled MUIDUBLO NEJEO.
  3568 | D:3      | 3568 ||| DRINKING 2 puce potions.
  3568 | D:3      | Gained mutation: You are clumsy. (Dex -2) [potion of
                  | mutation]
  3568 | D:3      | Lost mutation: You are clumsy. (Dex -2) [potion of
                  | mutation]
  3568 | D:3      | Gained mutation: Your flesh is cold resistant. (rC+)
                  | [potion of mutation]
  3568 | D:3      | Gained mutation: Your muscles are strong. (Str +4, Int/Dex
                  | -1) [potion of mutation]
  3656 | D:4      | 3656 ||| Stepping ~*~*~tactically~*~*~ (hiding).
  3671 | D:4      | 3671 ||| Stepping ~*~*~tactically~*~*~ (hiding).
  3677 | D:4      | 3677 ||| INVOKING Berserk.
  3698 | D:4      | Reached skill level 8 in Axes
  3698 | D:4      | Reached XP level 6. HP: 43/52 MP: 5/5
  3787 | D:4      | 3787 ||| Stepping ~*~*~tactically~*~*~ (stealth).
  3828 | D:4      | 3828 ||| Stepping ~*~*~tactically~*~*~ (hiding).
  3836 | D:4      | 3836 ||| INVOKING Berserk.
  3958 | D:4      | 3958 ||| DROPPING +0 mace.
  3996 | D:4      | Noticed Grinder
  3997 | D:4      | 3997 ||| INVOKING Trog's Hand.
  4001 | D:4      | 4001 ||| INVOKING Berserk.
  4010 | D:4      | Killed Grinder
  4011 | D:4      | Reached skill level 9 in Axes
  4011 | D:4      | Reached XP level 7. HP: 59/59 MP: 6/6
  4286 | D:4      | Noticed Natasha
  4287 | D:4      | 4287 ||| Stepping ~*~*~tactically~*~*~ (hiding).
  4289 | D:4      | 4289 ||| Stepping ~*~*~tactically~*~*~ (hiding).
  4293 | D:4      | 4293 ||| INVOKING Berserk.
  4300 | D:4      | Killed Natasha
  4312 | D:4      | Noticed Edmund
  4313 | D:4      | 4313 ||| Stepping ~*~*~tactically~*~*~ (stealth).
  4322 | D:4      | Killed Edmund
  4323 | D:4      | Reached skill level 3 in Armour
  4536 | D:4      | 4536 ||| DROPPING +0 flail.
  4894 | D:4      | Found Ypujuj's Weapon Shop.
  4899 | D:4      | Reached skill level 10 in Axes
  4904 | D:4      | Reached skill level 1 in Throwing
  5193 | D:4      | Found Ebuiden's Firing Range.
  5217 | D:4      | 5217 ||| READING scroll labelled ZUOM CIEPOUNG.
  5218 | D:4      | 5218 ||| DRINKING 2 glowing cyan potions.
  5256 | D:4      | 5256 ||| DRINKING 2 fizzy ruby potions.
  5257 | D:4      | 5257 ||| DROPPING potion of lignification.
  5258 | D:4      | 5258 ||| DROPPING potion of magic.
  5284 | D:5      | Entered Level 5 of the Dungeon
  5312 | D:5      | 5312 ||| Stepping ~*~*~tactically~*~*~ (hiding).
  5313 | D:5      | 5313 ||| Stepping ~*~*~tactically~*~*~ (hiding).
  5315 | D:5      | 5315 ||| Stepping ~*~*~tactically~*~*~ (stealth).
  5319 | D:5      | Reached skill level 6 in Fighting
  5319 | D:5      | Reached XP level 8. HP: 70/70 MP: 7/7
  5319 | D:5      | 5319 ||| Stepping ~*~*~tactically~*~*~ (hiding).
  5332 | D:5      | 5332 ||| Stepping ~*~*~tactically~*~*~ (stealth).
  5333 | D:5      | 5333 ||| Stepping ~*~*~tactically~*~*~ (stealth).
  5633 | D:5      | Noticed Menkaure
  5636 | D:5      | 5636 ||| INVOKING Berserk.
  5638 | D:5      | Killed Menkaure
  5639 | D:5      | Reached skill level 11 in Axes
  5896 | D:5      | 5896 ||| Stepping ~*~*~tactically~*~*~ (stealth).
  5897 | D:5      | 5897 ||| Stepping ~*~*~tactically~*~*~ (stealth).
  5898 | D:5      | 5898 ||| Stepping ~*~*~tactically~*~*~ (stealth).
  5900 | D:5      | 5900 ||| Stepping ~*~*~tactically~*~*~ (stealth).
  5901 | D:5      | Reached *** piety under Trog
  5908 | D:5      | 5908 ||| Stepping ~*~*~tactically~*~*~ (stealth).
  5977 | D:5      | 5977 ||| INVOKING Berserk.
  6207 | D:5      | Found a shimmering altar of Xom.
  6210 | D:5      | Noticed Sigmund
  6212 | D:5      | 6212 ||| INVOKING Berserk.
  6242 | D:5      | 6242 ||| DRINKING 2 potions of curing.
  6242 | D:5      | 6242 ||| (to cure confusion)
  6248 | D:5      | Killed Sigmund
  6249 | D:5      | Reached skill level 12 in Axes
  6394 | D:5      | Found a bloodstained altar of Trog.
  6394 | D:5      | Found a radiant altar of Vehumet.
  6395 | D:5      | Found an opulent altar of Gozag.
  6396 | D:5      | Found a basalt altar of Yredelemnul.
  6397 | D:5      | Found a blossoming altar of Fedhas.
  6399 | D:5      | Found a broken altar of Ashenzari.
  6439 | D:5      | Noticed Ijyb
  6440 | D:5      | 6440 ||| Stepping ~*~*~tactically~*~*~ (hiding).
  6443 | D:5      | 6443 ||| INVOKING Berserk.
  6447 | D:5      | Killed Ijyb
  6701 | D:5      | 6701 ||| UPGRADING to +0 buckler.
  6706 | D:5      | 6706 ||| UPGRADING to ring of willpower.
  6708 | D:5      | 6708 ||| READING scroll labelled VARHEL VAALEBIEK.
  6866 | D:5      | 6866 ||| DRINKING 2 sedimented purple potions.
  6902 | D:6      | 6902 ||| INVOKING Berserk.
  7044 | D:6      | Found a staircase to the Ecumenical Temple.
  7067 | D:6      | Reached XP level 9. HP: 78/78 MP: 8/8
  7127 | D:6      | Found a runed translucent gate.
  7127 | D:6      | Found a runed translucent gate.
  7127 | D:6      | Found a runed translucent gate.
  7128 | D:6      | Noticed qw's ghost (novice MiFi)
  7139 | D:6      | Reached skill level 3 in Shields
  7165 | D:6      | 7165 ||| INVOKING Berserk.
  7496 | D:6      | 7496 ||| INVOKING Berserk.
  7865 | D:6      | 7865 ||| READING scroll labelled FEAHUMEIMA.
  7866 | D:6      | 7866 ||| READING scroll labelled UQASOACLUF.
  7867 | D:6      | 7867 ||| READING 2 scrolls of teleportation.
  7902 | D:7      | 7902 ||| Stepping ~*~*~tactically~*~*~ (stealth).
  7910 | D:7      | Found Ehyig's Overcharged Wands.
  7931 | D:7      | Noticed Pikel
  7934 | D:7      | 7934 ||| INVOKING Berserk.
  7942 | D:7      | Killed Pikel
  7943 | D:7      | Reached skill level 13 in Axes
  7989 | D:7      | 7989 ||| Stepping ~*~*~tactically~*~*~ (stealth).
  8007 | D:7      | 8007 ||| Stepping ~*~*~tactically~*~*~ (stealth).
  8008 | D:7      | 8008 ||| Stepping ~*~*~tactically~*~*~ (stealth).
  8009 | D:7      | 8009 ||| Stepping ~*~*~tactically~*~*~ (stealth).
  8014 | D:7      | 8014 ||| Stepping ~*~*~tactically~*~*~ (stealth).
  8015 | D:7      | 8015 ||| Stepping ~*~*~tactically~*~*~ (stealth).
  8016 | D:7      | 8016 ||| Stepping ~*~*~tactically~*~*~ (stealth).
  8019 | D:7      | 8019 ||| Stepping ~*~*~tactically~*~*~ (stealth).
  8020 | D:7      | 8020 ||| INVOKING Berserk.
  8180 | D:7      | 8180 ||| READING scroll of enchant weapon.
  8180 | D:7      | 8180 ||| ENCHANTING +0 war axe.
  8228 | D:7      | 8228 ||| INVOKING Berserk.
  8483 | D:7      | 8483 ||| Stepping ~*~*~tactically~*~*~ (hiding).
  8485 | D:7      | 8485 ||| Stepping ~*~*~tactically~*~*~ (hiding).
  8556 | D:7      | Found a burning altar of Makhleb.
  8630 | D:7      | 8630 ||| READING 3 scrolls of identify.
  8630 | D:7      | 8630 ||| IDENTIFYING brown potion
  8631 | D:7      | 8631 ||| READING 2 scrolls of identify.
  8631 | D:7      | 8631 ||| IDENTIFYING coppery potion
  8632 | D:7      | 8632 ||| DROPPING potion of flight.
  8691 | D:8      | Reached skill level 14 in Axes
  8740 | D:8      | Noticed a death yak
  8745 | D:8      | 8745 ||| INVOKING Berserk.
  8747 | D:8      | Noticed a death yak
  8750 | D:8      | Noticed a death yak
  8752 | D:8      | Noticed a death yak
  8753 | D:8      | Killed a death yak
  8754 | D:8      | Reached skill level 6 in Armour
  8754 | D:8      | Reached XP level 10. HP: 88/88 MP: 9/9
  8754 | D:8      | Noticed a death yak
  8761 | D:8      | Killed a death yak
  8767 | D:8      | Killed a death yak
  8768 | D:8      | Reached skill level 15 in Axes
  8769 | D:8      | HP: 8/88 [death yak (20)]
  8770 | D:8      | 8770 ||| READING scroll of teleportation.
  8770 | D:8      | HP: 3/88 [death yak (5)]
  8771 | D:8      | 8771 ||| DRINKING potion of heal wounds.
  8772 | D:8      | Slain by a death yak

Levels and vault maps discovered:
D:1:      dpeg_arrival_water_fire, layout_basic, serial_shops, shop,
          shapermc_ecumenical_altar_hornbeckon
D:2:      layout_loops_ring, minivault_27, fountainhead
D:3:      layout_basic, minmay_misc_feat_nine_boxes, st_stairs_11, uniq_terence
D:4:      layout_loops_corners, serial_shops, shop, kennysheep_path_1,
          nicolae_shop_firing_range, uniq_edmund, uniq_grinder, uniq_natasha
D:5:      layout_loops_ring, minitemple, uniq_ijyb, uniq_menkaure, uniq_sigmund
D:6:      layout_basic, minmay_temple_entry_waves, ebering_ghost_rock_garden,
          serial_bayou_ford_a, st_stairs_13
D:7:      layout_rooms, nicolae_overflow_crystal_walls, serial_glass,
          glass_columns_b, glass_columns_c, nicolae_shop_overcharged_wands,
          uniq_pikel
D:8:      layout_basic, dpeg_lair_monsters

Skill      XL: |  1  2  3  4  5  6  7  8  9 10 |
---------------+-------------------------------+-----
Axes           | 4 5 6 7 8 9 10 12 14 15 | 15.2
Fighting       | 4 6 8 |  8.0
Armour         | 3 6 |  6.0
Throwing       | 1 |  1.6
Shields        | 2 5 |  5.1
Dodging        | |  2.1

Action                   |  1- 3 |  4- 6 |  7- 9 | 10-12 || total
-------------------------+-------+-------+-------+-------++-------
Melee: Hand axe          |   127 |    20 |       |       ||   147
       Headbutt          |    15 |     8 |    37 |     2 ||    62
       War axe           |       |    63 |   203 |    15 ||   281
       Punch             |       |       |     3 |       ||     3
Throw: Boomerang         |       |    24 |    78 |       ||   102
Invok: Berserk           |     3 |     4 |    12 |       ||    19
       Trog's Hand       |       |     1 |       |       ||     1
  Use: Scroll            |     7 |     1 |     8 |     1 ||    17
       Potion            |       |     1 |     4 |     1 ||     6
Armor: Animal skin       |    20 |       |       |       ||    20
       Ring mail         |     9 |       |       |       ||     9
       Scale mail        |       |     4 |       |       ||     4
       Chain mail        |       |    36 |    86 |     9 ||   131
Dodge: Dodged            |    68 |    27 |    44 |    10 ||   149
Block: Buckler           |       |       |    14 |     9 ||    23

Table legend:
 A = Non-vault XP
 B = Vault XP
 C = Vault XP percentage of total XP
 D = Non-vault monster count
 E = Vault monster count
 F = Vault count percentage of total count
                 A         B        C        D         E       F
            +---------+---------+-------+---------+---------+-------
      Total |    3676 |    3998 |  52.1 |     153 |      18 |  10.5
            +---------+---------+-------+---------+---------+-------
        D:1 |      45 |       0 |   0.0 |      27 |       0 |   0.0
        D:2 |      34 |       0 |   0.0 |      17 |       0 |   0.0
        D:3 |     144 |      43 |  23.0 |      19 |       4 |  17.4
        D:4 |     605 |     467 |  43.6 |      32 |       6 |  15.8
        D:5 |     832 |     423 |  33.7 |      24 |       3 |  11.1
        D:6 |     914 |      35 |   3.7 |      19 |       1 |   5.0
        D:7 |     879 |     617 |  41.2 |       9 |       1 |  10.0
        D:8 |     223 |    2413 |  91.5 |       6 |       3 |  33.3
            +---------+---------+-------+---------+---------+-------
